 Dungeon Crawl Stone Soup version 0.31-a0-263-ge8cad7f256 (webtiles) character file.

Game seed: 3635531104569047062

2726 qw the Skirmisher (level 9, -2/79 HPs)
             Began as a Minotaur Hexslinger on July 13, 2023.
             Was a Follower of Okawaru.
             Slain by a water moccasin (7 damage)
             ... on level 8 of the Dungeon.
             The game lasted 00:03:02 (6980 turns).

qw the Skirmisher (Minotaur Hexslinger)             Turns: 6980, Time: 00:03:03

Health: -2/79      AC:  9    Str: 13    XL:     9   Next: 40%
Magic:  9/11       EV: 16    Int: 13    God:    Okawaru [*.....]
Gold:   356        SH:  0    Dex: 17    Spells: 9/10 levels left

rFire   + + .        k - +0 orcbow
rCold   . . .        (shield currently unavailable)
rNeg    + . .        f - +2 leather armour {rF+}
rPois   .            (helmet restricted)
rElec   .            e - scarf "Lolos" {repulsion, *Slow rF+ Int+3}
rCorr   .            g - +0 pair of gloves
SInv    .            i - +1 pair of boots
Will    .....        c - amulet of regeneration
Stlth   +++          m - ring of positive energy
HPRegen 1.13/turn    (no ring)
MPRegen 0.12/turn

%: slow self (1%), repel missiles
@: lethally poisoned (-2 -> -8), heroic, slowed, very slow
A: horns 2, retaliatory headbutt
a: Renounce Religion, Heroism


You were on level 8 of the Dungeon.
You worshipped Okawaru.
Okawaru was aware of your devotion.
You visited 2 branches of the dungeon, and saw 9 of its levels.
You also visited: Ossuary.

You collected 356 gold pieces.


Innate Abilities, Weirdness & Mutations

You have a pair of horns on your head.
You reflexively headbutt those who attack you in melee.


   Skills:
 - Level 7.1(12.1) Fighting
 - Level 11.0(16.0) Ranged Weapons
 - Level 2.5(7.5) Armour
 + Level 4.0(9.0) Dodging
 - Level 1.0 Spellcasting
 - Level 2.0 Hexes
 - Level 4.0 Invocations


You had 9 spell levels left.
You knew the following spells:

 Your Spells              Type           Power      Damage    Failure   Level
a - Slow                  Hex            20%        N/A       16%         1

Your spell library contained the following spells:

 Spells                   Type           Power      Damage    Failure   Level
 Inner Flame              Hex/Fire       3%         N/A       56%         3
 Portal Projectile        Hex/Tloc       6%         N/A       56%         3
 Cause Fear               Hex            2%         N/A       83%         4

Inventory:

Hand Weapons
 k - a +0 orcbow (weapon)
Armour
 b - a +0 cloak
 e - the scarf "Lolos" (worn) {repulsion, *Slow rF+ Int+3}
   (You acquired it on level 5 of the Dungeon)

   Int:       It affects your intelligence (+3).
   rF:        It protects you from fire.
   *Slow:     It may slow you when you take damage.
 f - a +2 leather armour of fire resistance (worn)
 g - a +0 pair of gloves (worn)
 i - a +1 pair of boots (worn)
Jewellery
 c - an amulet of regeneration (around neck)
 m - a ring of positive energy (left hand)
Scrolls
 h - a scroll of identify
Potions
 a - a potion of mutation
 d - a potion of might
 j - a potion of resistance
 l - a potion of curing {unknown}

Dungeon Overview and Level Annotations

Branches:
Dungeon (8/15)             Temple (1/1) D:5            Lair (0/5) D:8
Ossuary (visited)

Altars:
Ashenzari
Cheibriados
Fedhas
Gozag
Hepliaklqana
Kikubaaqudgha
Makhleb
Nemelex Xobeh
Okawaru
Qazlal
Ru
Sif Muna
Trog
Uskayaw
Vehumet
Wu Jian
Xom
Yredelemnul
Zin
The Shining One

Shops:
D:3 :   D:7 :

Annotations:
D:3 1 runed translucent door, Crazy Yiuf
D:4 1 runed translucent door, qw's ghost, amateur GrHs


Message History

You shoot an arrow. The arrow completely misses the hornet.
The hornet stings you but does no damage.
You shoot an arrow. The arrow barely misses the hornet.
The water moccasin hisses angrily.
The hornet closely misses you.
The hornet stings you but does no damage.
You shoot an arrow. The arrow closely misses the hornet.
The hornet barely misses you.
You shoot an arrow. The arrow barely misses the hornet.
The hornet stings you!
You feel yourself slow down. The hornet stings you!
You are poisoned.
You feel as though you will be slow longer.
You shoot an arrow. The arrow hits the hornet.
The hornet is heavily wounded.
You feel very sick. The hornet stings you.
You suddenly lose the ability to move!
The hornet stings you.
You are more poisoned.
You feel as though you will be slow longer.
You feel very sick. The hornet stings you!
You feel as though you will be slow longer.
The water moccasin bites you.
You are more poisoned.
The water moccasin poisons you!
You can move again.
6979 ||| INVOKING Heroism.
You gain the combat prowess of a mighty hero.
You feel extremely sick. The hornet closely misses you.
The water moccasin misses you. The hornet stings you!
You feel as though you will be slow longer.
The water moccasin bites you but does no damage.
The hornet stings you!
You shrug off the repeated paralysis!
You shoot an arrow. The arrow closely misses the hornet.
You feel very sick.
The water moccasin bites you but does no damage.
The hornet stings you but does no damage.
The water moccasin bites you!
You die...

#..#. .#.#.## #............
...?...#..### ...#.......
.).....<# #. #.......# #.#
#..#.Sy....# #.#
##..#.@.....###.#.#
.................#.#
####.#...........#.# .
#..........#....##.##### #.
###.......#.....K.#<...
.##.####.......# #.#y.#####
.......#....##.# #.#%.# ##
..)....#.#.########....####.
...........# #....>....#.


You could see a hornet and a water moccasin.

Vanquished Creatures
  Menkaure (D:6)
  2 water moccasins
  An orc warrior (D:7)
  A black bear (D:7)
  A sky beast (D:6)
  A centaur (D:8)
  2 ogres
  2 phantoms
  A kobold brigand (D:8)
  An elf zombie (Ossuary)
  A gnoll sergeant (D:7)
  3 scorpions
  5 wights (D:7)
  4 howler monkeys
  A gnoll bouda (D:7)
  4 human zombies (Ossuary)
  2 hounds (D:5)
  2 iguanas
  6 orc priests
  3 orc wizards
  2 sleepcaps
  3 mummies (Ossuary)
  A hound zombie (Ossuary)
  11 gnolls
  9 adders
  3 ufetubi
  2 adder zombies (Ossuary)
  2 worms (D:3)
  2 dart slugs
  21 orcs
  6 endoplasms
  2 giant cockroaches (D:2)
  A gnoll zombie (Ossuary)
  11 goblins
  8 hobgoblins
  3 jackals (D:2)
  2 quokkas
  9 ball pythons
  5 bats
  A frilled lizard (D:3)
  5 goblin zombies (Ossuary)
  4 hobgoblin zombies (Ossuary)
  3 jackal zombies (Ossuary)
  5 kobolds
  5 kobold zombies (Ossuary)
  An orc zombie (Ossuary)
  3 quokka zombies (Ossuary)
  4 rats
  5 rat zombies (Ossuary)
183 creatures vanquished.

Notes
Turn   | Place    | Note
-------+----------+-------------------------------------------
     0 | D:1      | qw the Minotaur Hexslinger began the quest for the Orb.
     0 | D:1      | Reached XP level 1. HP: 16/16 MP: 1/1
     0 | D:1      | 0 ||| qw: Version: 0.3-a-52-g30416fa
     0 | D:1      | 0 ||| qw: Game counter: 7077
     0 | D:1      | 0 ||| qw: Melee chars always use a shield: true
     0 | D:1      | 0 ||| qw: God list: Okawaru
     0 | D:1      | 0 ||| qw: Allow faded altars: false
     0 | D:1      | 0 ||| qw: Do Orc after clearing Dungeon:15 true
     0 | D:1      | 0 ||| qw: Do second Lair branch before Depths: true
     0 | D:1      | 0 ||| qw: Lair rune preference: random
     0 | D:1      | 0 ||| qw: Goals: Normal
     0 | D:1      | 0 ||| PLANNING D:1-11
    58 | D:1      | Reached skill level 3 in Ranged Weapons
    58 | D:1      | Reached XP level 2. HP: 12/23 MP: 2/2
    58 | D:1      | 58 ||| FLEEEEING.
    59 | D:1      | 59 ||| FLEEEEING.
    60 | D:1      | 60 ||| FLEEEEING.
    61 | D:1      | 61 ||| FLEEEEING.
    62 | D:1      | 62 ||| FLEEEEING.
    63 | D:1      | 63 ||| FLEEEEING.
    64 | D:1      | 64 ||| FLEEEEING.
    65 | D:1      | 65 ||| FLEEEEING.
   315 | D:1      | Reached XP level 3. HP: 29/29 MP: 3/3
   661 | D:1      | 661 ||| UPGRADING to +0 leather armour.
   671 | D:1      | 671 ||| DROPPING +0 robe.
   672 | D:1      | 672 ||| UPGRADING to +0 pair of gloves.
   677 | D:1      | 677 ||| READING scroll labelled GUOKAA VOACARR.
   678 | D:1      | 678 ||| READING 3 scrolls labelled TAISYHOMOOQ.
   679 | D:1      | 679 ||| READING scroll labelled XIOTHA BATTUDI.
   680 | D:1      | 680 ||| READING 2 scrolls of identify.
   680 | D:1      | 680 ||| IDENTIFYING fizzy yellow potion
   681 | D:1      | 681 ||| DROPPING scroll of poison.
   860 | D:2      | Reached skill level 4 in Ranged Weapons
   927 | D:2      | Reached XP level 4. HP: 15/36 MP: 4/4
   927 | D:2      | 927 ||| FLEEEEING.
   937 | D:2      | 937 ||| FLEEEEING.
   938 | D:2      | 938 ||| FLEEEEING.
   939 | D:2      | 939 ||| FLEEEEING.
   940 | D:2      | 940 ||| FLEEEEING.
   941 | D:2      | 941 ||| FLEEEEING.
   942 | D:2      | 942 ||| FLEEEEING.
   943 | D:2      | 943 ||| FLEEEEING.
   947 | D:2      | Reached skill level 5 in Ranged Weapons
  1112 | D:2      | Found a faded altar of an unknown god.
  1407 | D:2      | Reached skill level 3 in Fighting
  1624 | D:2      | Reached XP level 5. HP: 41/45 MP: 5/5
  1753 | D:2      | 1753 ||| UPGRADING to amulet of regeneration.
  1758 | D:2      | 1758 ||| READING scroll labelled QIFIPPU FEJIM.
  1759 | D:2      | 1759 ||| READING scroll labelled LIELAO CAUWAI.
  1760 | D:2      | 1760 ||| DRINKING 2 dark potions.
  1761 | D:2      | 1761 ||| DRINKING 2 fuming red potions.
  1762 | D:2      | 1762 ||| DROPPING potion of magic.
  1763 | D:2      | 1763 ||| DROPPING potion of degeneration.
  1817 | D:3      | Found a runed translucent door.
  1818 | D:3      | Noticed Crazy Yiuf
  1857 | D:3      | Found Xaoran's Book Shoppe.
  2135 | D:3      | Found a burning altar of Makhleb.
  2581 | D:3      | 2581 ||| READING scroll of enchant weapon.
  2581 | D:3      | 2581 ||| ENCHANTING +2 sling.
  2699 | D:3      | 2699 ||| UPGRADING to +0 ring mail.
  2709 | D:3      | 2709 ||| DROPPING +0 leather armour.
  2710 | D:3      | 2710 ||| UPGRADING to +1 pair of boots.
  2715 | D:3      | 2715 ||| READING scroll labelled VIAMU ZYITUW.
  2807 | D:3      | 2807 ||| READING scroll labelled ITEXEY PIEFARACA.
  2997 | D:4      | Noticed a phantom
  3005 | D:4      | Killed a phantom
  3006 | D:4      | Reached skill level 6 in Ranged Weapons
  3006 | D:4      | Reached XP level 6. HP: 51/51 MP: 6/6
  3064 | D:4      | Found a runed translucent door.
  3065 | D:4      | Noticed qw's ghost (amateur GrHs)
  3273 | D:4      | HP: 12/52 [orc wizard/+0 dagger (4)]
  3274 | D:4      | 3274 ||| DRINKING potion of heal wounds.
  3805 | D:4      | 3805 ||| UPGRADING to +0 cloak.
  3810 | D:4      | 3810 ||| READING 3 scrolls of identify.
  3810 | D:4      | 3810 ||| IDENTIFYING purple potion
  3825 | D:5      | Entered Level 5 of the Dungeon
  3922 | D:5      | Reached skill level 7 in Ranged Weapons
  3938 | D:5      | Found a staircase to the Ecumenical Temple.
  3939 | D:5      | 3939 ||| PLANNING TEMPLE
  3939 | D:5      | 3939 ||| READING scroll labelled JIFREKHL XEQYN.
  3939 | D:5      | Identified a scroll of acquirement
  3939 | D:5      | 3939 ||| ACQUIRING scarf "Lolos" {repulsion, *Slow rF+
                  | Int+3}
  3939 | D:5      | Acquired the scarf "Lolos" {repulsion, *Slow rF+ Int+3}
  3941 | D:5      | 3941 ||| UPGRADING to scarf "Lolos" {repulsion, *Slow rF+
                  | Int+3}.
  3951 | D:5      | 3951 ||| READING scroll labelled UMIEFUEGUJ.
  3958 | Temple   | Entered the Ecumenical Temple
  3963 | Temple   | 3963 ||| PLANNING OKAWARU WORSHIP
  4131 | Temple   | Became a worshipper of Warmaster Okawaru
  4132 | Temple   | 4132 ||| PLANNING D:1-11
  4153 | D:5      | 4153 ||| READING scroll of enchant weapon.
  4153 | D:5      | 4153 ||| ENCHANTING +3 sling of flaming.
  4310 | D:5      | Reached XP level 7. HP: 59/59 MP: 7/7
  4802 | D:5      | 4802 ||| DROPPING ring of flight.
  4803 | D:5      | 4803 ||| READING scroll labelled XUIRASI DAUMM.
  4804 | D:5      | 4804 ||| READING 3 scrolls of identify.
  4804 | D:5      | 4804 ||| IDENTIFYING sedimented clear potion
  4805 | D:5      | 4805 ||| DROPPING potion of berserk rage.
  4830 | D:6      | 4830 ||| PLANNING OSSUARY
  4835 | D:6      | 4835 ||| STAIRDANCE
  4843 | D:5      | HP: 13/59 [water moccasin (6)]
  4844 | D:5      | 4844 ||| READING scroll of teleportation.
  4845 | D:5      | Reached skill level 8 in Ranged Weapons
  4845 | D:5      | 4845 ||| DRINKING potion of heal wounds.
  4909 | D:5      | 4909 ||| UPGRADING to +2 leather armour of fire resistance.
  4919 | D:5      | 4919 ||| DROPPING +0 ring mail.
  4972 | D:6      | Reached skill level 3 in Dodging
  5037 | D:6      | Reached * piety under Okawaru
  5062 | D:6      | Reached XP level 8. HP: 69/69 MP: 8/8
  5074 | D:6      | 5074 ||| INVOKING Heroism.
  5117 | D:6      | 5117 ||| READING scroll of enchant weapon.
  5117 | D:6      | 5117 ||| ENCHANTING +4 sling of flaming.
  5170 | D:6      | Found a sand-covered staircase.
  5171 | D:6      | 5171 ||| READING scroll labelled OQEKHLU QU DIL.
  5172 | D:6      | 5172 ||| READING 2 scrolls of identify.
  5172 | D:6      | 5172 ||| IDENTIFYING green potion
  5173 | D:6      | 5173 ||| DROPPING potion of brilliance.
  5179 | Ossuary  | Entered an ossuary
  5334 | Ossuary  | Reached skill level 9 in Ranged Weapons
  5334 | Ossuary  | Reached skill level 1 in Invocations
  5453 | Ossuary  | 5453 ||| READING 2 scrolls labelled IVVUIST BIFAFI.
  5454 | Ossuary  | 5454 ||| READING scroll labelled HITIXO OTWICH.
  5455 | Ossuary  | 5455 ||| DRINKING 2 viscous coppery potions.
  5456 | Ossuary  | 5456 ||| DROPPING scroll of fog.
  5467 | D:6      | 5467 ||| PLANNING D:1-11
  5527 | D:6      | Found a hazy altar of Hepliaklqana.
  5557 | D:6      | Reached skill level 6 in Fighting
  5592 | D:6      | Noticed Menkaure
  5593 | D:6      | 5593 ||| INVOKING Heroism.
  5596 | D:6      | Killed Menkaure
  5597 | D:6      | Reached skill level 3 in Invocations
  5755 | D:7      | 5755 ||| INVOKING Heroism.
  5823 | D:7      | 5823 ||| INVOKING Heroism.
  5924 | D:7      | 5924 ||| INVOKING Heroism.
  5939 | D:7      | Reached skill level 10 in Ranged Weapons
  6133 | D:7      | 6133 ||| READING scroll of enchant weapon.
  6133 | D:7      | 6133 ||| ENCHANTING +5 sling of flaming.
  6179 | D:7      | Reached XP level 9. HP: 75/75 MP: 10/10
  6203 | D:7      | 6203 ||| INVOKING Heroism.
  6379 | D:7      | Found Waokloy's Book Emporium.
  6421 | D:7      | 6421 ||| INVOKING Heroism.
  6658 | D:7      | 6658 ||| DROPPING amulet of the acrobat.
  6659 | D:7      | 6659 ||| UPGRADING to ring of positive energy.
  6660 | D:7      | 6660 ||| READING 2 scrolls of identify.
  6660 | D:7      | 6660 ||| IDENTIFYING sedimented puce potion
  6821 | D:8      | Found a staircase to the Lair.
  6828 | D:8      | 6828 ||| SWAPPING to +0 orcbow.
  6844 | D:8      | 6844 ||| INVOKING Heroism.
  6846 | D:8      | Paralysed by a hornet for 2 turns
  6847 | D:8      | HP: 15/79 [hornet (8)]
  6848 | D:8      | 6848 ||| READING scroll of teleportation.
  6848 | D:8      | HP: 7/79 [kobold brigand/+0 dagger (2)]
  6849 | D:8      | 6849 ||| Stepping ~*~*~tactically~*~*~ (outnumbered).
  6853 | D:8      | HP: 6/79 [poisoned by a hornet]
  6918 | D:8      | 6918 ||| DROPPING +6 sling of flaming.
  6923 | D:8      | 6923 ||| INVOKING Heroism.
  6939 | D:8      | Reached skill level 11 in Ranged Weapons
  6977 | D:8      | Paralysed by a hornet for 2 turns
  6979 | D:8      | 6979 ||| INVOKING Heroism.
  6979 | D:8      | HP: 19/79 [hornet (13)]
  6979 | D:8      | HP: 9/79 [hornet (10)]
  6980 | D:8      | Slain by a water moccasin

Levels and vault maps discovered:
D:1:      evilmike_arrival_home_sweet_home, layout_basic
D:2:      minmay_wonky_spiral, layout_loops_corners,
          chequers_ecumenical_altar_grove
D:3:      cheibrodos_old_hovel, layout_loops_ring,
          mainiacjoe_overflow_cross_hatched, serial_shops,
          nicolae_shop_tiny_waterfront, serial_bayou_crossing,
          uniq_crazy_yiuf_cottage
D:4:      layout_loops_corners, ebering_ghost_sewer_d, st_stairs_3,
          serial_bayou_pond_d, grunt_ministairs_13
D:5:      layout_cave_pods, minmay_temple_entry_tees, serial_bayou_ford_a
D:6:      layout_rooms, worldfamousw_hep_ancestral_shrine, enter_ossuary_2,
          uniq_menkaure
D:7:      layout_basic, serial_shops, shop, hellmonk_bongcloud_opening,
          kennysheep_generic_room_15
D:8:      minmay_recursive_quarters, layout_basic, lair_entry_dummy
Temple:   nicolae_temple_bog_church

Skill      XL: |  1  2  3  4  5  6  7  8  9 |
---------------+----------------------------+-----
Ranged Weapons | 3 4 5 6 7 8 10 11 | 11.0
Fighting       | 2 3 4 5 6 7 |  7.1
Armour         | 2 |  2.5
Dodging        | 3 4 |  4.0
Invocations    | 3 4 |  4.0
Spellcasting   | |  1.0
Hexes          | |  2.0

Action                     |  1- 3 |  4- 6 |  7- 9 || total
---------------------------+-------+-------+-------++-------
   Fire: Sling             |    77 |   185 |   309 ||   571
         Orcbow            |       |       |    51 ||    51
 Invoke: Heroism           |       |       |    10 ||    10
    Use: Scroll            |     4 |     9 |    11 ||    24
         Potion            |       |     3 |     2 ||     5
 Armour: Leather armour    |     4 |    22 |    38 ||    64
         Robe              |     1 |       |       ||     1
         Ring mail         |       |    51 |    11 ||    62
  Dodge: Dodged            |    12 |    93 |   108 ||   213
         Repelled          |       |       |     1 ||     1

Table legend:
 A = Non-vault XP
 B = Vault XP
 C = Vault XP percentage of total XP
 D = Non-vault monster count
 E = Vault monster count
 F = Vault count percentage of total count
                 A         B        C        D         E       F
            +---------+---------+-------+---------+---------+-------
      Total |    3244 |     651 |  16.7 |     137 |      46 |  25.1
            +---------+---------+-------+---------+---------+-------
        D:1 |      44 |       0 |   0.0 |      18 |       0 |   0.0
        D:2 |     156 |       3 |   1.9 |      32 |       2 |   5.9
        D:3 |      25 |       2 |   7.4 |      11 |       1 |   8.3
        D:4 |     296 |      86 |  22.5 |      12 |       3 |  20.0
        D:5 |     520 |       0 |   0.0 |      14 |       0 |   0.0
        D:6 |     491 |     169 |  25.6 |      15 |       1 |   6.2
        D:7 |    1385 |       8 |   0.6 |      25 |       1 |   3.8
        D:8 |     327 |       0 |   0.0 |      10 |       0 |   0.0
    Ossuary |       0 |     383 | 100.0 |       0 |      38 | 100.0
            +---------+---------+-------+---------+---------+-------
